 Dungeon Crawl Stone Soup version 0.28-a0-1555-g9ae15a6949 (webtiles) character file.

Game seed: 2078457459730240216

36 Pin the Chopper (level 3, 31/31 HPs)
             Began as a Hill Orc Monk on Jan 19, 2022.
             Was a Believer of Sif Muna.
             Quit the game on level 2 of the Dungeon.
             The game lasted 00:02:24 (1428 turns).

Pin the Chopper (Hill Orc Monk)                     Turns: 1428, Time: 00:02:25

Health: 31/31      AC:  3    Str: 15    XL:     3   Next: 37%
Magic:  3/3        EV: 12    Int: 10    God:    Sif Muna [**....]
Gold:   49         SH:  0    Dex: 13    Spells: 2/2 levels left

rFire   . . .      SeeInvis .   a - +0 hand axe
rCold   . . .      Faith    .   (no shield)
rNeg    . . .      Spirit   .   g - +0 leather armour
rPois   .          Reflect  .   (no helmet)
rElec   .          Harm     .   (no cloak)
rCorr   .          Rampage  .   (no gloves)
Will    .....                   (no boots)
Stlth   ++........              (no amulet)
HPRegen 0.10/turn               (no ring)
MPRegen 0.08/turn               (no ring)

@: no status effects
A: no striking features
a: Renounce Religion, Channel Magic


You were on level 2 of the Dungeon.
You worshipped Sif Muna.
Sif Muna was pleased with you.
You visited 1 branch of the dungeon, and saw 2 of its levels.

You collected 49 gold pieces.

Inventory:

Hand Weapons
 a - a +0 hand axe (weapon)
Armour
 g - a +0 leather armour (worn)
Scrolls
 d - 2 scrolls of identify {unknown}
 e - 2 scrolls of brand weapon {unknown}
 h - a scroll of fog {unknown}
Potions
 b - a potion of brilliance {unknown}
 c - a potion of haste {unknown}
 f - a potion of curing {unknown}


   Skills:
 - Level 3.6 Fighting
 - Level 4.0 Axes
 + Level 3.2 Armour
 - Level 2.4 Dodging
 - Level 1.5 Stealth


You had 2 spell levels left.
You didn't know any spells.
Your spell library contained the following spells:

 Spells                   Type           Power      Damage    Failure   Level
 Shock                    Conj/Air       0%         1d3       43%         1
 Swiftness                Air            0%         N/A       80%         3
 Airstrike                Air            0%         N/A       99%         4


Dungeon Overview and Level Annotations

Branches:
Dungeon (2/15)

Altars:
Sif Muna

Shops:
D:1 (


Message History

No reachable target in view!
No reachable target in view!
No reachable target in view!
No reachable target in view!
No reachable target in view!
No reachable target in view!
No reachable target in view!
No reachable target in view!
No reachable target in view!
No reachable target in view!
No reachable target in view!
No reachable target in view!
No reachable target in view!
No reachable target in view!
You open the door.
Found a faded altar of an unknown god.
No reachable target in view!
There is an open door here.
There is an open door here.
There is an open door here.
A kobold comes into view. It is wielding a +0 short sword.
Found 4 datura-tipped darts.
The kobold shouts!
The kobold throws a stone.
The stone barely misses you.
The kobold hits you with a +0 short sword.
You hit the kobold.
You kill the kobold!
Things that are here:
a +0 short sword; 4 stones; a kobold corpse
Things that are here:
a +0 short sword; 4 stones; a kobold corpse You see here a ball python corpse.
There is an open door here.
There is an open door here.
There is a faded altar of an unknown god here.
You cannot tell which god this altar belongs to.
Convert to them anyway?
Sif Muna accepts your prayer! Sif Muna welcomes you!
You can now call upon Sif Muna for magical energy.
Are you sure you want to abandon this character and quit the game? (Confirm with "yes".)

....#########.#
##### #.# #.##
#..# ##.#########
#.........#
#.....###.#
#..♣♣♣..##.#
#..♣♣@♣♣....##
#..♣♣..P♣♣....#
#..♣ ♣P.P.♣♣...#
#.♣♣P♣P..PP♣♣..#
###
#..♣..PP.P.P.♣..#
..#
#.(♣P###'###.♣.##
#.#
#..♣♣#.....#♣♣.#
#.#
#..♣g#..8..#÷♣.#
#.#
#..♣♣#†....#♣♣.#


There were no monsters in sight!

Vanquished Creatures
  2 gnolls (D:1)
  4 endoplasms
  A giant cockroach (D:2)
  A goblin (D:1)
  A hobgoblin (D:1)
  3 ball pythons
  3 kobolds
  4 rats
19 creatures vanquished.

Vanquished Creatures (others)
  2 plants (D:2)
2 creatures vanquished.

Grand Total: 21 creatures vanquished

Notes
Turn   | Place    | Note
-------+----------+-------------------------------------------
     0 | D:1      | Pin the Hill Orc Monk began the quest for the Orb.
     0 | D:1      | Reached XP level 1. HP: 19/19 MP: 1/1
   109 | D:1      | Reached XP level 2. HP: 26/26 MP: 2/2
   345 | D:1      | Reached XP level 3. HP: 31/31 MP: 3/3
   934 | D:1      | Found Satog's Antique Weapon Shop.
  1372 | D:2      | Found a faded altar of an unknown god.
  1427 | D:2      | Prayed at the altar of an unknown god.
  1427 | D:2      | Became a worshipper of Sif Muna the Loreminder
  1427 | D:2      | Reached * piety under Sif Muna
  1427 | D:2      | Reached ** piety under Sif Muna
  1428 | D:2      | Quit the game

Illustrated notes

Levels and vault maps discovered:
D:1:      psy_arrival_spokes, layout_loops_ring, serial_shops,
          nicolae_shop_statue_plus, minmay_liquid_box, hex_large
D:2:      cheibrodos_old_hovel, layout_basic, serial_forest,
          infiniplex_forest_clump_cross, infiniplex_forest_clump_large,
          infiniplex_forest_clump_medium, infiniplex_forest_straight_4,
          infiniplex_forest_straight_3, infiniplex_forest_lined_2,
          infiniplex_forest_clump_C, infiniplex_forest_end_1,
          dilly_ecumenical_altar_fadedgnrine

Skill      XL: |  1  2  3 |
---------------+----------+-----
Armour         | 2 3 |  3.2
Fighting       | |  3.6
Axes           | |  4.0
Dodging        | |  2.4
Stealth        | |  1.5

Action                   || total
-------------------------++-------
Melee: Hand axe          ||    56
       Punch             ||     1
 Stab: Sleeping          ||     5
Armor: Robe              ||     3
Dodge: Dodged            ||    32

Table legend: (Time is in decaauts)
 A = Elapsed time spent in this place.
 B = Non-inter-level travel time spent in this place.
 C = Inter-level travel time spent in this place.
 D = Time resting spent in this place.
 E = Time spent auto-exploring this place.
 F = Levels seen in this place.
 G = Mean time per level.
                   A        B        C        D        E       F      G
               +--------+--------+--------+--------+--------+-----+--------+
         Total |   1433 |   1399 |     34 |      0 |   1166 |   2 |  716.5 |
       Dungeon |   1433 |   1399 |     34 |      0 |   1166 |   2 |  716.5 |
               +--------+--------+--------+--------+--------+-----+--------+

Top non-repeatable levels by time:
     D:1: 1202 daAuts
     D:2: 230 daAuts
